 Dungeon Crawl Stone Soup version 0.27-a0-1559-g299f9947c5 (webtiles) character file.

Game seed: 15644101155123336605

4514 HAL9000 the Covert (level 10, -1/53 HPs)
             Began as a Vine Stalker Brigand on July 16, 2021.
             Was a Follower of Dithmenos.
             Engulfed by a cloud of steam (6 damage)
             ... on level 8 of the Dungeon.
             The game lasted 00:11:27 (8133 turns).

HAL9000 the Covert (Vine Stalker Brigand)           Turns: 8133, Time: 00:11:28

Health: -1/53      AC:  7    Str: 16    XL:     10   Next: 39%
Magic:  0/11       EV: 11    Int: 13    God:    Dithmenos [*.....]
Gold:   322        SH:  0    Dex: 15    Spells: 9/9 levels left

rFire    . . .     SeeInvis .   j - +2 dagger (holy)
rCold    + . .     Faith    .   (no shield)
rNeg     . . .     Spirit   +   t - +2 robe {rC+}
rPois    .         Reflect  .   (no helmet)
rElec    .         Harm     .   c - +0 cloak
rCorr    .         Rampage  .   l - +1 pair of gloves
Will     +....                  (no boots)
Stlth    +++++.....             i - amulet of regeneration
HPRegen  2.17/turn              (no ring)
MPRegen  0.12/turn              (no ring)

@: wreathed by umbra
A: fangs 3, regeneration 1, magic shield, antimagic bite, no potion heal 2
a: Renounce Religion


You were on level 8 of the Dungeon.
You worshipped Dithmenos.
Dithmenos was aware of your devotion.
You visited 2 branches of the dungeon, and saw 9 of its levels.

You collected 322 gold pieces.

Inventory:

Hand Weapons
 a - a +2 dagger
 d - a +0 dagger of protection
 j - a +2 dagger of holy wrath (weapon)
 q - a +0 hand crossbow
 x - a +1 vorpal hunting sling
Missiles
 e - 20 poisoned darts (quivered)
 s - 8 curare-tipped darts
 y - 180 stones
Armour
 c - a +0 cloak (worn)
 l - a +1 pair of gloves (worn)
 t - a +2 robe of cold resistance (worn)
 u - +0 steam dragon scales
Jewellery
 i - an amulet of regeneration (around neck)
 v - an amulet of magic regeneration
 G - an amulet of reflection
Wands
 m - a wand of polymorph (3)
 A - a wand of paralysis (5)
 D - a wand of iceblast (5)
Scrolls
 g - a scroll of silence {unknown}
 h - a scroll of magic mapping {unknown}
 k - a scroll of amnesia {unknown}
 n - 3 scrolls of teleportation {unknown}
 p - 4 scrolls of enchant weapon
 w - a scroll of enchant armour {unknown}
 B - a scroll of torment {unknown}
 E - a scroll of vulnerability {unknown}
Potions
 b - 7 potions of curing
 f - 4 potions of lignification
 o - 3 potions of mutation
 r - 2 potions of flight
 z - 2 potions of brilliance
 C - 2 potions of attraction
 F - 2 potions of ambrosia {unknown}


   Skills:
 - Level 6.6 Fighting
 - Level 8.0 Short Blades
 - Level 6.7 Throwing
 - Level 0.7 Dodging
 + Level 10.3 Stealth


You had 9 spell levels left.
You didn't know any spells.
Your spell library contained the following spells:

 Spells                   Type           Power      Damage    Failure   Level
 Pain                     Necr           0%         1d4       30%         1
 Summon Small Mammal      Summ           0%         N/A       30%         1
 Call Canine Familiar     Summ           0%         N/A       67%         3
 Conjure Flame            Conj/Fire      0%         6-21      67%         3
 Ignite Poison            Fire/Tmut/Pois 0%         N/A       67%         3
 Portal Projectile        Hex/Tloc       0%         N/A       67%         3
 Summon Guardian Golem    Hex/Summ       0%         N/A       67%         3
 Leda's Liquefaction      Hex/Erth       0%         N/A       97%         4
 Sticky Flame             Conj/Fire      0%         2d3       97%         4
 Agony                    Necr           0%         N/A       100%        5
 Excruciating Wounds      Necr           0%         N/A       100%        5


Dungeon Overview and Level Annotations

Branches:
Dungeon (8/15)             Temple (1/1) D:5
   Lair: D:8-11

Altars:
Ashenzari
Dithmenos
Elyvilon
Fedhas
Gozag
Hepliaklqana
Kikubaaqudgha
Makhleb
Qazlal
Sif Muna
Trog
Uskayaw
Vehumet
Wu Jian
Xom
Yredelemnul
Zin
The Shining One


Innate Abilities, Weirdness & Mutations

You have razor-sharp teeth.
Your natural rate of healing is unusually fast.
When hurt, damage is shared between your health and your magic reserves.
Your bite disrupts and absorbs the magic of your enemies.
Potions cannot restore your health.


Message History

You hit the steam dragon.
You bite the steam dragon, but do no damage.
The steam dragon is severely wounded.
You are engulfed in a cloud of scalding steam.
The steam dragon bites you!
The steam dragon claws you but does no damage.
You are too injured to fight recklessly!
You hit the steam dragon but do no damage.
Your bite misses the steam dragon.
The steam dragon is severely wounded.
You are engulfed in a cloud of scalding steam.
You are too injured to fight recklessly!
You hit the steam dragon. Your bite misses the steam dragon.
The steam dragon is almost dead.
You are engulfed in a cloud of scalding steam.
The steam dragon bites you. The steam dragon misses you.
You are too injured to fight recklessly!
You closely miss the steam dragon. Your bite misses the steam dragon.
The steam dragon is almost dead.
You are engulfed in a cloud of scalding steam.
* * * LOW HITPOINT WARNING * * *
You are too injured to fight recklessly!
You hit the steam dragon but do no damage.
Your bite misses the steam dragon.
The steam dragon is almost dead.
The steam dragon bites you but does no damage.
The steam dragon closely misses you.
You hit the steam dragon but do no damage.
The steam dragon is almost dead.
The steam dragon breathes steam at you. The ball of steam hits you!
* * * LOW HITPOINT WARNING * * *
You hit the steam dragon.
You kill the steam dragon!
Dithmenos accepts your kill.
You are engulfed in a cloud of scalding steam.
* * * LOW HITPOINT WARNING * * *
Unknown command.
You are engulfed in a cloud of scalding steam.
You die...

######.##
........#
#######.# #.# #.#
### #.# ..# ## #.#
#.# ....###.# #.#
#......### #@#
#.#.###...######§#
#.#<.....§§#
...##########
_..### #.#. # . ##


There were no monsters in sight!

Vanquished Creatures
  A two-headed ogre (D:7)
  Pikel (D:5)
  Grinder (D:6)
  Eustachio (D:5)
  3 steam dragons (D:8)
  Menkaure (D:6)
  2 water moccasins
  3 black bears
  2 sky beasts
  3 necrophages (D:6)
  3 ogres
  3 centaurs
  A lemure (D:5)
  Blork the orc (D:5)
  A bullfrog (D:7)
  A wyvern zombie (D:6)
  A water moccasin skeleton (D:7)
  A vampire bat (D:3)
  A howler monkey (D:7)
  2 bullfrog zombies
  A centaur zombie (D:6)
  2 hounds
  Ijyb (D:3)
  2 bullfrog skeletons
  2 orc priests
  A centaur skeleton (D:7)
  3 iguanas (D:5)
  2 jellies
  Natasha (thrice) (D:4)
  An orc wizard (D:3)
  A hound zombie (D:5)
  4 adders
  A howler monkey skeleton (D:7)
  A white imp (D:6)
  3 ufetubi
  A worm (D:2)
  4 dart slugs
  3 fire bats (D:3)
  26 orcs
  A spectral bat (D:3)
  4 ball pythons
  14 bats
  3 bat skeletons (D:3)
  A bat zombie (D:3)
  4 endoplasms
  3 giant cockroaches
  7 hobgoblins
  3 jackals (D:4)
  14 kobolds
  5 quokkas
  A ball python skeleton (D:2)
  4 frilled lizards
  8 goblins
  2 rats
169 creatures vanquished.

Vanquished Creatures (others)
  A spectral bat (D:3)
  A bat simulacrum (D:3)
2 creatures vanquished.

Grand Total: 171 creatures vanquished

Notes
Turn   | Place    | Note
-------+----------+-------------------------------------------
     0 | D:1      | HAL9000 the Vine Stalker Brigand began the quest for the
                  | Orb.
     0 | D:1      | Reached XP level 1. HP: 11/11 MP: 2/2
    96 | D:1      | Reached skill level 5 in Stealth
   301 | D:1      | Reached XP level 2. HP: 12/15 MP: 1/3
   756 | D:1      | Reached XP level 3. HP: 15/18 MP: 1/4
  1068 | D:1      | You fall into a shaft and drop 1 floor!
  1104 | D:2      | Found a white marble altar of Elyvilon.
  1847 | D:2      | Gained mutation: Your natural rate of healing is unusually
                  | fast. [Vine Stalker growth]
  1847 | D:2      | Reached XP level 4. HP: 23/23 MP: 3/5
  2248 | D:3      | Found a faded altar of an unknown god.
  2450 | D:3      | Reached XP level 5. HP: 23/26 MP: 6/6
  2576 | D:3      | Reached skill level 5 in Throwing
  2605 | D:3      | Reached XP level 6. HP: 30/30 MP: 7/7
  2619 | D:3      | Noticed Ijyb
  2845 | D:3      | Killed Ijyb
  2969 | D:4      | Noticed Natasha
  2979 | D:4      | Killed Natasha
  3186 | D:4      | Noticed a water moccasin
  3202 | D:4      | Killed a water moccasin
  3203 | D:4      | Reached XP level 7. HP: 29/34 MP: 8/8
  3411 | D:4      | Found an opulent altar of Gozag.
  3416 | D:4      | Noticed Natasha
  3462 | D:4      | Killed Natasha
  3694 | D:5      | Entered Level 5 of the Dungeon
  3694 | D:5      | Noticed Eustachio
  3702 | D:5      | Killed Eustachio
  3707 | D:5      | Found a staircase to the Ecumenical Temple.
  3728 | Temple   | Entered the Ecumenical Temple
  3913 | Temple   | Became a worshipper of Dithmenos the Shadowed
  4217 | D:4      | Noticed Natasha
  4230 | D:4      | Killed Natasha
  5280 | D:5      | Gained mutation: You have razor-sharp teeth. [Vine Stalker
                  | growth]
  5280 | D:5      | Reached XP level 8. HP: 38/38 MP: 9/9
  5297 | D:5      | Reached skill level 5 in Short Blades
  5407 | D:5      | Noticed Blork the orc
  5416 | D:5      | Killed Blork the orc
  5661 | D:5      | Noticed Pikel
  5682 | D:5      | Killed Pikel
  5878 | D:5      | Found an ornate altar of the Wu Jian Council.
  6138 | D:6      | Noticed Menkaure
  6145 | D:6      | Killed Menkaure
  6146 | D:6      | Reached skill level 6 in Stealth
  6146 | D:6      | Reached XP level 9. HP: 42/42 MP: 10/10
  6210 | D:6      | Reached skill level 7 in Stealth
  6334 | D:6      | Reached skill level 8 in Stealth
  6388 | D:6      | Noticed Grinder
  6395 | D:6      | Killed Grinder
  6396 | D:6      | Reached skill level 9 in Stealth
  6554 | D:6      | Found a hide-covered altar of Uskayaw.
  6577 | D:6      | Reached skill level 10 in Stealth
  6627 | D:6      | Found a basalt altar of Yredelemnul.
  6780 | D:7      | Noticed a two-headed ogre
  6797 | D:7      | Killed a two-headed ogre
  6798 | D:7      | Reached XP level 10. HP: 12/51 MP: 1/11
  6944 | D:7      | Reached * piety under Dithmenos
  6945 | D:7      | Reached skill level 5 in Fighting
  7389 | D:7      | Found a glowing golden altar of the Shining One.
  8104 | D:8      | Found a broken altar of Ashenzari.
  8133 | D:8      | Engulfed by a cloud of steam

Illustrated notes

Levels and vault maps discovered:
D:1:      nzn_arrival_settlement, layout_loops_ring, serial_forest,
          infiniplex_forest_lined_3, infiniplex_forest_clump_small,
          infiniplex_forest_lined_2, infiniplex_forest_clump_long,
          infiniplex_forest_end_1, infiniplex_forest_clump_diagonal,
          infiniplex_forest_clump_C, serial_bayou_pond_a, minmay_pentomino_q4
D:2:      kennysheep_six_static_rooms, layout_loops_ring, basic_altar,
          hangedman_decor_push, minmay_diced_spiral
D:3:      layout_rooms, hellmonk_ecumenical_altar_blasted, minmay_door_square,
          goddamned_bats, uniq_ijyb
D:4:      layout_basic, mainiacjoe_overflow_surrounded_room, item_on_display_a,
          uniq_natasha
D:5:      layout_loops_corners, nicolae_wu_jian_glorious_leap,
          minmay_temple_entry_waves, uniq_eustachio, uniq_blork_the_orc,
          uniq_pikel
D:6:      layout_rooms, old_standard_altar, mainiacjoe_overflow_24_doors,
          uniq_menkaure, uniq_grinder
D:7:      minmay_spotlight, layout_gridville, nicolae_tso_swordbearing_angel
D:8:      lemuel_insect_pit, layout_loops_ring, nicolae_overflow_crystal_walls,
          mainiacjoe_overflow_alcove_4, ashenzari_altar_1, minivault_11
Temple:   minmay_temple_bridge_abc

Skill      XL: |  1  2  3  4  5  6  7  8  9 10 |
---------------+-------------------------------+-----
Stealth        | 5 6 10 | 10.3
Throwing       | 2 3 4 5 6 |  6.7
Short Blades   | 4 7 8 |  8.0
Fighting       | 4 6 |  6.6
Dodging        | |  0.7

Action                   |  1- 3 |  4- 6 |  7- 9 | 10-12 || total
-------------------------+-------+-------+-------+-------++-------
Melee: Dagger            |    83 |   159 |   253 |   115 ||   610
       Bite              |    24 |    38 |    79 |    32 ||   173
 Fire: Hunting sling     |       |       |     6 |       ||     6
Throw: Dart              |    16 |    12 |    33 |       ||    61
Evoke: Wand              |       |     2 |     6 |       ||     8
  Use: Scroll            |       |       |     5 |     4 ||     9
       Potion            |       |       |     2 |       ||     2
 Stab: Sleeping          |     6 |    13 |     9 |     6 ||    34
       Paralysed         |       |       |     1 |       ||     1
Armor: Robe              |    10 |    63 |    79 |    38 ||   190
Dodge: Dodged            |    33 |   106 |   112 |    52 ||   303

Table legend: (Time is in decaauts)
 A = Elapsed time spent in this place.
 B = Non-inter-level travel time spent in this place.
 C = Inter-level travel time spent in this place.
 D = Time resting spent in this place.
 E = Time spent auto-exploring this place.
 F = Levels seen in this place.
 G = Mean time per level.
                   A        B        C        D        E       F      G
               +--------+--------+--------+--------+--------+-----+--------+
         Total |   7999 |   7242 |    757 |    193 |   5657 |   9 |  888.8 |
       Dungeon |   7789 |   7072 |    717 |    193 |   5489 |   8 |  973.6 |
        Temple |    210 |    170 |     40 |      0 |    168 |   1 |  210.0 |
               +--------+--------+--------+--------+--------+-----+--------+

Top non-repeatable levels by time:
     D:1: 1487 daAuts
     D:2: 1326 daAuts
     D:5: 1231 daAuts
     D:7: 1031 daAuts
     D:3: 921 daAuts
     D:4: 913 daAuts
     D:6: 569 daAuts
     D:8: 307 daAuts
  Temple: 210 daAuts
